 Dungeon Crawl Stone Soup version 0.27.1-1-g398f81649c (webtiles) character file.

Game seed: 15136195261386113407

17 Descartes the Sneak (level 2, 0/13 HPs)
             Began as a Spriggan Earth Elementalist on Sept 7, 2021.
             Succumbed to a goblin's poison
             ... on level 1 of the Dungeon.
             The game lasted 00:01:29 (801 turns).

Descartes the Sneak (Spriggan Earth Elementalist)    Turns: 801, Time: 00:01:30

Health: 0/13       AC:  2    Str:  4    XL:     2   Next: 44%
Magic:  5/6        EV: 17    Int: 16    God:
Gold:   14         SH:  0    Dex: 15    Spells: 5/6 levels left

rFire    . . .     SeeInvis +   g - +0 dagger (venom)
rCold    . . .     Faith    .   (shield restricted)
rNeg     . . .     Spirit   .   b - +0 robe
rPois    .         Reflect  .   (helmet restricted)
rElec    .         Harm     .   (no cloak)
rCorr    .         Rampage  .   (gloves unavailable)
Will     .....                  (boots unavailable)
Stlth    +++.......             (no amulet)
HPRegen  0.04/turn              (no ring)
MPRegen  0.10/turn              (no ring)

@: lethally poisoned (0 -> -7), very quick
A: very small, no large weapons, unfitting armour, see invisible, speed 3
a: no special abilities


You were on level 1 of the Dungeon.
You visited 1 branch of the dungeon, and saw 1 of its levels.

You collected 14 gold pieces.

Inventory:

Hand Weapons
 a - a +0 whip
 f - a +0 dagger
 g - a +0 dagger of venom (weapon)
Missiles
 c - 22 stones
Armour
 b - a +0 robe (worn)
Scrolls
 d - 2 scrolls of blinking {unknown}
Potions
 e - 2 potions of curing {unknown}


   Skills:
 + Level 3.2 Dodging
 * Level 3.7 Stealth
 - Level 2.6 Spellcasting
 - Level 1.3 Transmutations
 + Level 3.0 Earth Magic


You had 5 spell levels left.
You knew the following spells:

 Your Spells              Type           Power      Damage    Failure   Level
a - Sandblast             Erth           22%        2d7       5%          1

Your spell library contained the following spells:

 Spells                   Type           Power      Damage    Failure   Level
 Passwall                 Tmut/Erth      7%         N/A       12%         2
 Stone Arrow              Conj/Erth      12%        3d7       30%         3
 Petrify                  Tmut/Erth      9%         N/A       61%         4


Dungeon Overview and Level Annotations

Branches:
Dungeon (1/15)

Altars:


Innate Abilities, Weirdness & Mutations

You are very small and have problems with some larger weapons.
You are too small for most types of armour.
You have supernaturally acute eyesight. (SInv)
You cover ground extremely quickly. (Speed+++)


Message History

You kill the ball python!
Your Earth Magic skill increases to level 3!
No target in view!
Found 22 arrows.
You open the door.
There is an open door here.
d - 2 scrolls labelled JUESSENTOPS (gained 1)
You open the door.
A goblin comes into view. It is wielding a +0 dagger of venom.
The goblin shouts!
Found a stone staircase leading down.
There is an open door here.
You closely miss the goblin.
The goblin hits you with a +0 dagger of venom.
You are poisoned.
You hit the goblin.
The goblin is severely wounded.
You feel sick. The goblin barely misses you.
You closely miss the goblin.
The goblin is severely wounded.
You feel sick.
The goblin hits you with a +0 dagger of venom.
You are lethally poisoned!
Casting: Sandblast (safe; 5% risk of failure)
Confirm with . or Enter, or press ? or * to list all spells.
Aiming: Sandblast (safe; 5% risk of failure)
Press: ? - help, Shift-Dir - straight line, f - goblin
Aim: a goblin, wielding a +0 dagger of venom (severely wounded, 74% to hit)
The blast of sand hits the goblin!
You kill the goblin!
You feel sick.
* * * LOW HITPOINT WARNING * * *
You feel sick.
You see here a +0 dagger of venom.
g - a +0 dagger of venom
* * * LOW HITPOINT WARNING * * *
You feel sick.
Your +0 dagger of venom begins to drip with poison!
g - a +0 dagger of venom (weapon)
You die...

#..........#
####.##'####
#.#.....#
#.......##
##.......#
#.#'#...#
#...#...#
##..#...#
#.@#...#
##.##### #..
##># .# .#
.# .#


There were no monsters in sight!

Vanquished Creatures
  A ball python (D:1)
  A bat (D:1)
  2 endoplasms (D:1)
  3 goblins (D:1)
  A hobgoblin (D:1)
  4 jackals (D:1)
  A rat (D:1)
13 creatures vanquished.

Notes
Turn   | Place    | Note
-------+----------+-------------------------------------------
     0 | D:1      | Descartes the Spriggan Earth Elementalist began the quest
                  | for the Orb.
     0 | D:1      | Reached XP level 1. HP: 9/9 MP: 5/5
   158 | D:1      | Reached XP level 2. HP: 5/13 MP: 6/6
   801 | D:1      | Succumbed to a goblin's poison

Illustrated notes

Levels and vault maps discovered:
D:1:      giann_wishing_wells, layout_basic, minmay_box_of_dots

Skill      XL: |  1  2 |
---------------+-------+-----
Dodging        | 3 |  3.2
Earth Magic    | 3 |  3.0
Stealth        | |  3.7
Spellcasting   | |  2.6
Transmutations | |  1.3

Action                   || total
-------------------------++-------
Melee: Whip              ||    35
       Dagger            ||    22
 Cast: Sandblast         ||     8
 Stab: Sleeping          ||     2
Armor: Robe              ||     5
Dodge: Dodged            ||    52
